 Dungeon Crawl Stone Soup version 0.20.1-1-g8b1a95d (webtiles) character file.

222 digijack the Conjurer (level 5, 0/28 HPs)
             Began as a Deep Elf Conjurer on Dec 6, 2017.
             Was an Initiate of Sif Muna.
             Slain by aronpayne's ghost (8 damage)
             ... on level 4 of the Dungeon on Dec 7, 2017.
             The game lasted 00:17:59 (3362 turns).

digijack the Conjurer (Deep Elf Conjurer)           Turns: 3362, Time: 00:18:00

Health: 0/28       AC:  4    Str:  5    XL:     5   Next: 66%
Magic:  9/13       EV: 14    Int: 21    God:    Sif Muna [......]
Gold:   151        SH:  6    Dex: 15    Spells: 5/12 levels left

rFire    . . .     SeeInvis .   o - +1 dagger (curse)
rCold    . . .     Gourm    .   (no shield)
rNeg     . . .     Faith    .   e - +2 robe {MR+}
rPois    +         Spirit   .   (no helmet)
rElec    .         Reflect  +   (no cloak)
rCorr    .         Harm     .   (no gloves)
MR       +....                  (no boots)
Stlth    +++.......             i - +6 amulet of reflection
Regen    0.1/turn               h - +5 ring of slaying
MPRegen  0.2/turn               n - ring of poison resistance

@: no status effects
A: no striking features
a: Renounce Religion


You were on level 4 of the Dungeon.
You worshipped Sif Muna.
Sif Muna was noncommittal.
You were not hungry.

You visited 2 branches of the dungeon, and saw 5 of its levels.

You collected 151 gold pieces.

Inventory:

Hand Weapons
 o - a cursed +1 dagger (weapon)
Armour
 e - a +2 robe of magic resistance (worn)
Jewellery
 h - a +5 ring of slaying (left hand)
 i - a +6 amulet of reflection (around neck)
 j - an uncursed ring of resist corrosion
 n - a ring of poison resistance (right hand)
Scrolls
 g - 2 scrolls of remove curse
 k - 2 scrolls of recharging
 l - 5 scrolls of identify
 p - a scroll of enchant armour
 q - a scroll of teleportation
 r - a scroll of magic mapping {unknown}
Potions
 d - 3 potions of curing
Books
 b - a book of Conjurations

   Spells                             Type                      Level
   a - Magic Dart                     Conjuration                  1
   b - Searing Ray                    Conjuration                  2
   c - Dazzling Spray                 Conjuration/Hexes            3
   d - Fulminant Prism                Conjuration/Hexes            4
   e - Force Lance                    Conjuration/Translocation    4
   f - Iskenderun's Mystic Blast      Conjuration                  4
Comestibles
 a - a meat ration
 c - 2 bread rations
 f - 5 fruits
 m - a royal jelly


   Skills:
 + Level 1.1 Short Blades
 + Level 3.9 Dodging
 + Level 4.0 Stealth
 + Level 4.4 Spellcasting
 + Level 5.6 Conjurations


You had 5 spell levels left.
You knew the following spells:

 Your Spells              Type           Power        Failure   Level  Hunger
a - Magic Dart            Conj           ####         1%          1    None
b - Searing Ray           Conj           ####..       1%          2    #......
c - Iskenderun's Mystic   Conj           ####....     11%         4    ####...


Dungeon Overview and Level Annotations

Branches:
Dungeon (4/15)             Temple (1/1) D:4

Altars:
Ashenzari
Dithmenos
Elyvilon
Gozag
Hepliaklqana
Kikubaaqudgha
Makhleb
Qazlal
Sif Muna
Vehumet
Xom
Yredelemnul
Zin

Annotations:
D:4 aronpayne's ghost, amateur MiFi


Message History

Casting: Searing Ray
Confirm with . or Enter, or press ? or * to list all spells.
Aiming: Searing Ray
Press: ? - help, Shift-Dir - straight line, f - aronpayne's ghost
Aim: aronpayne's ghost (lightly damaged)
The searing ray hits aronpayne's ghost.
Aronpayne's ghost is lightly damaged. (Press . to maintain the ray.) Aronpayne's ghost hits you!
The searing ray misses aronpayne's ghost.
The searing ray hits the worm.
The worm is moderately wounded.
Aronpayne's ghost barely misses you.
The searing ray hits aronpayne's ghost.
Aronpayne's ghost is moderately damaged.
Aronpayne's ghost hits you!
* * * LOW HITPOINT WARNING * * *
You block the orc's attack. Aronpayne's ghost hits you!
You die...

# #...........#
##...###....#### #
#.⌠.# #.....?.
#..###...###.....###
#..$.........#.....
.#.⌠..>..⌠..#..######
#......((.ow.....<.#
...###...###.#W.####.#
... #)⌠.# ###.@# #...#
#..# #..### #%.# #.(
#..# #.. ...# ## ##...
####


You could see a worm, aronpayne's ghost and an orc.

Vanquished Creatures
  Natasha (thrice) (D:2)
  5 adders
  An ooze (D:1)
  3 worms
  An adder skeleton (D:4)
  3 dart slugs
  2 leopard geckos (D:3)
  5 orcs (D:3)
  2 ball pythons (D:1)
  6 bats
  7 giant cockroaches
  6 goblins
  8 hobgoblins
  4 jackals (D:1)
  2 quokkas (D:3)
  7 frilled lizards
  5 kobolds
  6 rats
76 creatures vanquished.

Vanquished Creatures (others)
  A kobold (D:3)
1 creature vanquished.

Grand Total: 77 creatures vanquished

Notes
Turn   | Place    | Note
-------+----------+-------------------------------------------
     0 | D:1      | digijack the Deep Elf Conjurer began the quest for the Orb.
     0 | D:1      | Reached XP level 1. HP: 10/10 MP: 6/6
    91 | D:1      | Reached XP level 2. HP: 13/15 MP: 0/8
   447 | D:1      | Reached skill level 5 in Conjurations
   742 | D:1      | Reached XP level 3. HP: 19/19 MP: 5/9
   769 | D:1      | Learned a level 2 spell: Searing Ray
  1120 | D:2      | Noticed Natasha
  1133 | D:2      | Killed Natasha
  1133 | D:2      | Reached XP level 4. HP: 12/24 MP: 0/11
  1351 | D:2      | Noticed Natasha
  1355 | D:2      | Killed Natasha
  1721 | D:2      | Noticed Natasha
  1726 | D:2      | Killed Natasha
  1726 | D:2      | Reached XP level 5. HP: 17/28 MP: 7/13
  1846 | D:2      | Learned a level 4 spell: Iskenderun's Mystic Blast
  2418 | D:3      | Found a basalt altar of Yredelemnul.
  2810 | D:3      | Reached skill level 1 in Short Blades
  3062 | D:4      | Noticed aronpayne's ghost (amateur MiFi)
  3088 | D:4      | Found a staircase to the Ecumenical Temple.
  3095 | Temple   | Entered the Ecumenical Temple
  3339 | Temple   | Became a worshipper of Sif Muna the Loreminder
  3362 | D:4      | Slain by aronpayne's ghost

Skill      XL: |  1  2  3  4  5 |
---------------+----------------+-----
Conjurations   | 5 |  5.6
Dodging        | 3 |  3.9
Stealth        | 3 4 |  4.0
Spellcasting   | 4 |  4.4
Short Blades   | 1 |  1.1

Action                   |  1- 3 |  4- 6 || total
-------------------------+-------+-------++-------
Melee: Unarmed           |    13 |       ||    13
       Dagger            |       |     2 ||     2
 Cast: Magic Dart        |    55 |    95 ||   150
       Searing Ray       |     1 |     6 ||     7
  Use: Scroll            |     6 |     2 ||     8
       Potion            |     2 |     2 ||     4
  Eat: Chunk             |       |     6 ||     6
       Fruit             |       |     1 ||     1
Armor: Robe              |     1 |     4 ||     5
Dodge: Dodged            |    21 |    18 ||    39
Block: Other             |       |     9 ||     9
       Reflection        |       |     3 ||     3
